cohdb
Replays
Latest Replays
All Replays
Popular Replays
Top Player Replays
Match Explorer
How It Works
Community
CoH3 Stats
Reddit
Sign in to upload your games and track your stats! →
Sign in with Steam
Match 42456394
Unlisted
Match 42456394
Overview
Messages
Build Orders
End
Engineer Squad
Construct Weapon Support Center
Selects Heavy Weapons
M1919 Machine Gun Team
Bazooka Squad
M1919 Machine Gun Team
Selects M2HB .50cal Heavy Machine Gun
Infantry Support Center
M3 Armored Personnel Carrier
Selects Assault Carriers
M3 Assault Carrier
M1919 Machine Gun Team
M3 Assault Carrier
Selects Exchangeable Parts
Engineer Squad
Construct Medical Station
Sparkle
Mo-J
Wheeler
伊蕾娜
Valdai
Sailor
0
0
Comments
sign in to comment!
No comments posted yet!